 Dungeon Crawl Stone Soup version 0.31-a0-880-g9a209b2425 (webtiles) character file.

Game seed: 6416153149613472369

494 Gargoyl the Chopper (level 7, -3/66 HPs)
             Began as a Gargoyle Berserker on Oct 15, 2023.
             Was a Believer of Trog.
             Slain by a ynoxinul (6 damage)
             ... on level 2 of the Abyss.
             The game lasted 00:05:13 (3273 turns).

Gargoyl the Chopper (Gargoyle Berserker)            Turns: 3273, Time: 00:05:14

Health: -3/66      AC: 16    Str: 21    XL:     7   Next: 15%
Magic:  6/6        EV:  7    Int: 13    God:    Trog [**....]
Gold:   226        SH:  0    Dex: 11    Spells: 6/6 levels left

rFire   . . .        a - +0 hand axe
rCold   . . .        (no shield)
rNeg    + . .        k - +0 plate armour
rPois   ∞            (no helmet)
rElec   +            (no cloak)
rCorr   .            (no gloves)
SInv    .            (no boots)
Will    .....        (no amulet) Stlth
                     f - +6 ring of intelligence
HPRegen 0.31/turn    (no ring)
MPRegen 0.10/turn

%: no passive effects
@: berserking, very quick
A: sickness immunity, AC +4, negative energy resistance 1, electricity
resistance, torment resistance 1, petrification resistance, low MP 1
a: Renounce Religion, Berserk, Trog's Hand


You were on level 2 of the Abyss.
You worshipped Trog.
Trog was pleased with you.
You visited 1 branch of the dungeon, and saw 4 of its levels.
You visited the Abyss 1 time.

You collected 226 gold pieces.

Inventory:

Hand Weapons
 a - a +0 hand axe (weapon)
Armour
 k - a +0 plate armour (worn)
Jewellery
 f - a +6 ring of intelligence (left hand)
Wands
 d - a wand of light (3)
 j - a wand of flame (5)
Scrolls
 b - 2 scrolls of identify
Potions
 e - 2 potions of curing
 h - a potion of ambrosia {unknown}
 l - 2 potions of berserk rage {unknown}


   Skills:
 + Level 4.6 Fighting
 + Level 5.3 Axes
 + Level 2.9 Armour
 + Level 3.1 Dodging
 + Level 2.0 Stealth


You had 6 spell levels left.
You didn't know any spells.
Your spell library was empty.

Dungeon Overview and Level Annotations

Branches:
Dungeon (4/15)
 Temple: D:4-7

Altars:
Gozag
Kikubaaqudgha
Uskayaw
Wu Jian

Shops:
D:3 [

Annotations:
D:4 Eustachio


Innate Abilities, Weirdness & Mutations

You are immune to sickness and miasma.
Your stone body is resilient. (AC +4)
You are immune to poison.
You resist negative energy. (rN+)
You are resistant to electric shocks. (rElec)
You are resistant to unholy torment.
You are immune to petrification.
Your magical capacity is low. (-10% MP)


Message History

You slash the thrashing horror!
The thrashing horror is heavily damaged.
You closely miss the ufetubus.
The thrashing horror tramples you but does no damage. x2
The thrashing horror barely misses you. The thrashing horror tramples you.
* * * LOW HITPOINT WARNING * * *
You hold your ground!
The ufetubus barely misses you. x2
You closely miss the thrashing horror.
The thrashing horror is heavily damaged.
You hit the ufetubus.
You kill the ufetubus!
The ufetubus disappears in a puff of smoke!
The thrashing horror tramples you.
* * * LOW HITPOINT WARNING * * *
You hold your ground!
The thrashing horror tramples you but does no damage.
You hit the thrashing horror.
The thrashing horror is heavily damaged.
The thrashing horror tramples you.
* * * LOW HITPOINT WARNING * * *
You hold your ground!
The thrashing horror tramples you but does no damage. x3
Unknown command.
You closely miss the thrashing horror.
The thrashing horror is heavily damaged.
The thrashing horror barely misses you.
The thrashing horror tramples you but does no damage.
Unknown command.
You slash the thrashing horror!
The thrashing horror is severely damaged.
You hit the ynoxinul. The thrashing horror tramples you!
* * * LOW HITPOINT WARNING * * *
You hold your ground!
The thrashing horror tramples you but does no damage. x2
The thrashing horror completely misses you.
Unknown command.
You slash the thrashing horror!
The thrashing horror is almost destroyed.
You barely miss the ynoxinul. The ynoxinul hits you.
You die...

.#.#.# .
..#.# .
..#.
#####..# #
.##...#..#
#........#
.#..#. §5#
#......##X#
## #3@## #
####


You could see a thrashing horror, a ynoxinul and an ufetubus (summoned).

Vanquished Creatures
  The ghost of Kiciri the Poker, an amateur DsWr (D:3)
  A howler monkey (D:4)
  2 hounds (D:4)
  4 orc priests (D:4)
  Natasha (D:2)
  The ghost of Jinxxian the Firebug, a weakling DsFE (D:3)
  4 adders
  3 orcs (D:3)
  8 endoplasms
  4 giant cockroaches
  7 goblins
  6 hobgoblins
  8 quokkas
  6 ball pythons
  7 bats (D:1)
  2 frilled lizards
  11 kobolds
  6 rats
82 creatures vanquished.

Notes
Turn   | Place    | Note
-------+----------+-------------------------------------------
     0 | D:1      | Gargoyl the Gargoyle Berserker began the quest for the Orb.
     0 | D:1      | Reached XP level 1. HP: 14/14 MP: 1/1
   108 | D:1      | Reached XP level 2. HP: 16/19 MP: 2/2
   157 | D:1      | Found a faded altar of an unknown god.
   160 | D:1      | Reached skill level 3 in Axes
   315 | D:1      | Reached XP level 3. HP: 19/23 MP: 3/3
   624 | D:2      | Reached ** piety under Trog
   853 | D:2      | Reached XP level 4. HP: 28/29 MP: 4/4
  1628 | D:2      | Noticed Natasha
  1634 | D:2      | Killed Natasha
  1687 | D:3      | Found Magha's Antique Armour Shop.
  1701 | D:3      | Found an opulent altar of Gozag.
  1778 | D:3      | Found a hide-covered altar of Uskayaw.
  2147 | D:3      | Found a runed translucent gate.
  2147 | D:3      | Found a runed translucent gate.
  2148 | D:3      | Found a runed translucent gate.
  2149 | D:3      | Noticed Jinxxian's ghost (weakling DsFE)
  2149 | D:3      | Noticed Kiciri's ghost (amateur DsWr)
  2518 | D:3      | Found an ancient bone altar of Kikubaaqudgha.
  2568 | D:3      | Killed Jinxxian's ghost
  2569 | D:3      | Reached skill level 1 in Stealth
  2569 | D:3      | Reached XP level 5. HP: 33/33 MP: 5/5
  2575 | D:3      | Killed Kiciri's ghost
  2576 | D:3      | Reached skill level 4 in Axes
  2576 | D:3      | Reached XP level 6. HP: 29/38 MP: 6/6
  2872 | D:4      | Reached skill level 5 in Axes
  2875 | D:4      | Reached XP level 7. HP: 14/44 MP: 7/7
  3001 | D:4      | Found an ornate altar of the Wu Jian Council.
  3072 | D:4      | Noticed Eustachio
  3091 | Abyss:2  | Found a corrupted altar of Lugonu.
  3091 | Abyss:2  | Cast into level 2 of the Abyss (Eustachio)
  3106 | Abyss:2  | Noticed a neqoxec
  3108 | Abyss:2  | Noticed a ynoxinul
  3112 | Abyss:2  | Gained mutation: Your magical capacity is low. (-10% MP) [a
                  | neqoxec]
  3161 | Abyss:2  | Noticed a small abomination
  3173 | Abyss:2  | Noticed a large abomination
  3200 | Abyss:2  | Found a corrupted altar of Lugonu.
  3245 | Abyss:2  | Noticed a thrashing horror
  3248 | Abyss:2  | Noticed a neqoxec
  3260 | Abyss:2  | Noticed a ynoxinul
  3272 | Abyss:2  | HP: 3/66 [thrashing horror (9)]
  3273 | Abyss:2  | Slain by a ynoxinul

Illustrated notes

Levels and vault maps discovered:
D:1:      enne_arrival_octagon_isle, layout_rooms,
          hellmonk_ecumenical_altar_lost_god
D:2:      layout_rooms, serial_co_window_serial, co_window_of_opportunity_a,
          co_window_of_opportunity_a, co_window_paths_b,
          co_window_of_opportunity_a, co_window_corner_a, co_window_cross_3,
          co_window_cross_4, co_window_broadway_b, co_window_corner_b,
          co_window_2corner, co_window_4corner_a, uniq_natasha
D:3:      layout_loops_cross, grunt_gozag_breadcrumbs,
          nicolae_uskayaw_murder_on_the_dancefloor, marbit_many_paths,
          gammafunk_ghost_cemetery, serial_shops, shop
D:4:      minmay_wonky_spiral, layout_cave_pools, nzn_wu_jian_contemplation,
          serial_column_ruins, column_ruins_hut, column_ruins_hut,
          column_ruins_corridor_straight, column_ruins_grid_1,
          column_ruins_open_tiny, column_ruins_columns_straight,
          column_ruins_corridor_dead_end, uniq_eustachio
Abyss:2:  base:
D:4

Skill      XL: |  1  2  3  4  5  6  7 |
---------------+----------------------+-----
Axes           | 3 4 5 |  5.3
Dodging        | 2 3 |  3.1
Stealth        | 1 2 |  2.0
Fighting       | 4 |  4.6
Armour         | |  2.9

Action                     |  1- 3 |  4- 6 |  7- 9 || total
---------------------------+-------+-------+-------++-------
  Melee: Hand axe          |   137 |   148 |    31 ||   316
         Punch             |     2 |     1 |       ||     3
 Invoke: Berserk           |     1 |     3 |     2 ||     6
         Trog's Hand       |       |     1 |     3 ||     4
    Use: Scroll            |     4 |     2 |     4 ||    10
   Stab: Sleeping          |       |     1 |       ||     1
 Armour: Animal skin       |    80 |    35 |       ||   115
         Plate armour      |       |    67 |    80 ||   147
  Dodge: Dodged            |    97 |    83 |    39 ||   219

Table legend: (Time is in decaauts)
 A = Elapsed time spent in this place.
 B = Non-inter-level travel time spent in this place.
 C = Inter-level travel time spent in this place.
 D = Time resting spent in this place.
 E = Time spent auto-exploring this place.
 F = Levels seen in this place.
 G = Mean time per level.
                   A        B        C        D        E       F      G
               +--------+--------+--------+--------+--------+-----+--------+
         Total |   3343 |   3211 |    132 |      0 |   2323 |   5 |  668.6 |
       Dungeon |   3154 |   3022 |    132 |      0 |   2212 |   4 |  788.5 |
         Abyss |    189 |    189 |      0 |      0 |    111 |   1 |  189.0 |
               +--------+--------+--------+--------+--------+-----+--------+

Top non-repeatable levels by time:
     D:2: 1088 daAuts
     D:3: 972 daAuts
     D:1: 630 daAuts
     D:4: 463 daAuts
 Abyss:2: 189 daAuts
